 Dungeon Crawl Stone Soup version 0.31.0-12-g77e489cdc1 (webtiles) character file.

Game seed: 5747795046267423446

73 Minsecho the Gusty (level 4, -3/24 HPs)
             Began as a Tengu Air Elementalist on Feb 23, 2024.
             Killed by divine providence
             ... invoked by an orc priest
              (16 damage)
             ... on level 3 of the Dungeon.
             The game lasted 00:04:16 (2363 turns).

Minsecho the Gusty (Tengu Air Elementalist)         Turns: 2363, Time: 00:04:16

Health: -3/24      AC:  2    Str: 10    XL:     4   Next: 27%
Magic:  2/8        EV: 12    Int: 15    God:
Gold:   162        SH:  0    Dex: 15    Spells: 2/8 levels left

rFire   . . .        i - +0 rapier
rCold   . . .        (no shield)
rNeg    . . .        a - +0 robe
rPois   .            (helmet restricted)
rElec   .            (no cloak)
rCorr   .            (no gloves)
SInv    .            (boots unavailable)
Will    +....        (no amulet)
Stlth   ++           n - ring of willpower
HPRegen 0.24/turn    (no ring)
MPRegen 0.11/turn

%: acrobat
@: very slightly contaminated
A: beak, talons 3, acrobatic
a: no special abilities


You were on level 3 of the Dungeon.
You visited 1 branch of the dungeon, and saw 3 of its levels.

You collected 162 gold pieces.

Inventory:

Hand Weapons
 f - a +0 dagger
 i - a +0 rapier (weapon)
Armour
 a - a +0 robe (worn)
Jewellery
 n - a ring of willpower (left hand)
Wands
 m - a wand of paralysis (20)
Scrolls
 c - 2 scrolls of fear
 g - 2 scrolls of brand weapon {unknown}
 j - 3 scrolls of identify {unknown}
 k - a scroll of summoning {unknown}
 l - a scroll of teleportation {unknown}
 o - a scroll of immolation {unknown}
Potions
 b - a potion of magic
 d - a potion of heal wounds {unknown}
 e - a potion of brilliance {unknown}
 h - a potion of mutation {unknown}
 p - a potion of might {unknown}


   Skills:
 * Level 0.8 Fighting
 * Level 1.4 Armour
 + Level 2.3 Dodging
 + Level 2.2 Stealth
 + Level 2.5 Spellcasting
 + Level 2.0 Conjurations
 + Level 5.0 Air Magic


You had 2 spell levels left.
You knew the following spells:

 Your Spells              Type           Power      Damage    Failure   Level
a - Shock                 Conj/Air       48%        1d6       4%          1
b - Static Discharge      Conj/Air       24%        3-4/arc   8%          2
c - Swiftness             Air            17%        N/A       8%          3

Your spell library contained the following spells:

 Spells                   Type           Power      Damage    Failure   Level
 Airstrike                Air            8%         2d(2-18)  26%         4
 Volatile Blastmotes      Fire/Tloc      2%         2d10      54%         3
 Fulminant Prism          Conj/Alch      2%         3d5       80%         4
 Iskenderun's Mystic Bla  Conj/Tloc      4%         2d3       80%         4


Dungeon Overview and Level Annotations

Branches:
Dungeon (3/15)

Altars:


Innate Abilities, Weirdness & Mutations

You have a beak for a mouth.
You have claws for feet.
You can magically evade attacks while moving or waiting.


Message History

Confirm with . or Enter, or press ? or * to list all spells.
Aiming: Shock (safe; 4% risk of failure)
Press: ? - help, Shift-Dir - straight line, f - orc priest, p - orc
Aim: an orc priest, wielding a +0 whip and wearing a +0 scale mail (lightly wounded, 72% to hit)
You miscast Shock.
You are very lightly contaminated with residual magic.
Nothing appears to happen.
The orc shouts!
An endoplasm comes into view.
Okay, then.
Casting: Shock (safe; 4% risk of failure)
Confirm with . or Enter, or press ? or * to list all spells.
Aiming: Shock (safe; 4% risk of failure)
Press: ? - help, Shift-Dir - straight line, f/p - orc priest
Aim: an orc priest, wielding a +0 whip and wearing a +0 scale mail (lightly wounded, 72% to hit)
The zap misses the orc.
The zap hits the orc priest but does no damage.
The orc priest is lightly wounded.
The orc priest casts a cantrip, but nothing happens.
Casting: Shock (safe; 4% risk of failure)
Confirm with . or Enter, or press ? or * to list all spells.
Aiming: Shock (safe; 4% risk of failure)
Press: ? - help, Shift-Dir - straight line, f/p - orc priest
Aim: an orc priest, wielding a +0 whip and wearing a +0 scale mail (lightly wounded, 72% to hit)
You miscast Shock.
Nothing appears to happen.
The endoplasm quivers.
The orc priest begins to cast a cantrip, but forgets the words!
Casting: Shock (safe; 4% risk of failure)
Confirm with . or Enter, or press ? or * to list all spells.
Aiming: Shock (safe; 4% risk of failure)
Press: ? - help, Shift-Dir - straight line, f/p - orc priest
Aim: an orc priest, wielding a +0 whip and wearing a +0 scale mail (lightly wounded, 72% to hit)
The zap hits the orc.
The orc is almost dead.
The zap misses the orc.
The zap hits the orc priest.
The orc priest is heavily wounded.
The orc priest mumbles some strange prayers to Beogh against you.
Beogh smites you!
Ouch! That really hurt!
You die...

.....J.# ###
..o.(.. ... ..#.
.....# .....#...
...J#
..###.....####
...##.##.##.##.#...
.o...#...#...#....
#..####'####......
#o##.#...#.##.....
#@#..).).'..#.....
#.##.#...#.##.#.##
#..####'####..#.#
##...#.†.#......#
###.##)##.#..###
#..#'#..#.##
##.....##.#
###......# ########
#


You could see an orc priest, 2 orcs and an endoplasm.

Vanquished Creatures
  An adder (D:2)
  2 dart slugs (D:1)
  5 ball pythons
  7 bats
  4 endoplasms
  3 giant cockroaches
  9 goblins
  6 hobgoblins
  2 jackals (D:1)
  2 kobolds (D:1)
  2 quokkas
  4 frilled lizards
  6 rats
53 creatures vanquished.

Notes
Turn   | Place    | Note
-------+----------+-------------------------------------------
     0 | D:1      | Minsecho the Tengu Air Elementalist began the quest for the
                  | Orb.
     0 | D:1      | Reached XP level 1. HP: 10/10 MP: 4/4
   156 | D:1      | Reached XP level 2. HP: 15/15 MP: 1/6
   289 | D:1      | Reached skill level 1 in Armour
   443 | D:1      | Reached XP level 3. HP: 20/20 MP: 0/7
  1919 | D:2      | Learned a level 2 spell: Static Discharge
  1923 | D:2      | Learned a level 3 spell: Swiftness
  2054 | D:3      | Reached skill level 5 in Air Magic
  2054 | D:3      | Reached XP level 4. HP: 24/24 MP: 5/8
  2363 | D:3      | Killed from afar by an orc priest

Illustrated notes

Levels and vault maps discovered:
D:1:      spicycebolla_arrival_ecumenical, layout_loops_ring
D:2:      layout_loops_ring
D:3:      cheibrodos_greedy_goblins, layout_basic, uniq_ijyb

Skill      XL: |  1  2  3  4 |
---------------+-------------+-----
Armour         | 1 |  1.4
Air Magic      | 5 |  5.0
Conjurations   | 2 |  2.0
Fighting       | |  0.8
Dodging        | |  2.3
Stealth        | |  2.2
Spellcasting   | |  2.5

Action                     |  1- 3 |  4- 6 || total
---------------------------+-------+-------++-------
  Melee: Unarmed           |     7 |       ||     7
         Peck              |     5 |       ||     5
         Rapier            |    10 |     1 ||    11
         Dagger            |     9 |       ||     9
         Kick              |     2 |       ||     2
         Punch             |     1 |       ||     1
   Cast: Shock             |    75 |    17 ||    92
    Use: Scroll            |     1 |       ||     1
 Armour: Robe              |    16 |     5 ||    21
  Dodge: Dodged            |    33 |     1 ||    34
